 Dungeon Crawl Stone Soup version 0.30-a0-586-g23e55c9e0a (webtiles) character file.

Game seed: 1790607405084113125

17245 Citaku the Protected (level 12, -14/113 HPs)
             Began as a Minotaur Fighter on Jan 3, 2023.
             Was an Elder of the Shining One.
             Demolished by a titanic slime creature (56 damage)
             ... on level 13 of the Dungeon.
             The game lasted 00:36:26 (14235 turns).

Citaku the Protected (Minotaur Fighter)            Turns: 14235, Time: 00:36:26

Health: -14/113    AC: 21    Str: 29    XL:     12   Next: 17%
Magic:  11/11      EV: 10    Int:  4    God:    the Shining One [****..]
Gold:   551        SH:  6    Dex:  8    Spells: 11/11 levels left

rFire   + . .      SeeInvis .    a - +6 war axe
rCold   . . .      Faith    .    c - +0 buckler
rNeg    + + .      Spirit   .    b - +5 ring mail of Skepticism {+Inv rPois Dex-2}
rPois   +          Reflect  .    (helmet restricted)
rElec   .          Harm     .    w - +0 cloak
rCorr   .          Rampage  .    j - +2 pair of gloves
Will    +....                    l - +2 pair of boots Stlth
                                 (no amulet)
HPRegen 0.38/turn                v - ring of protection from fire
MPRegen 0.12/turn                t - ring of willpower

@: glowing
A: horns 2, retaliatory headbutt, strong 1
a: Renounce Religion, Evoke Invisibility, Divine Shield, Cleansing Flame


You were on level 13 of the Dungeon.
You worshipped the Shining One.
The Shining One was greatly pleased with you.
You visited 2 branches of the dungeon, and saw 14 of its levels.
You also visited: Ossuary.

You collected 551 gold pieces.

Inventory:

Hand Weapons
 a - a +6 war axe (weapon)
 k - a +1 flail of holy wrath
Armour
 b - the +5 ring mail of Skepticism (worn) {+Inv rPois Dex-2}
   (You found it on level 10 of the Dungeon)

   Dex:       It affects your dexterity (-2).
   rPois:     It protects you from poison.
   +Inv:      It lets you turn invisible.
 c - a +0 buckler (worn)
 j - a +2 pair of gloves (worn)
 l - a +2 pair of boots (worn)
 w - a +0 cloak (worn)
Jewellery
 m - a ring of poison resistance
 t - a ring of willpower (right hand)
 v - a ring of protection from fire (left hand)
 z - a ring of willpower
Wands
 d - a wand of flame (7)
 r - a wand of digging (3)
 s - a wand of roots (19)
Scrolls
 f - a scroll of poison
 h - a scroll of fog
 o - 7 scrolls of teleportation
 p - 5 scrolls of identify
 y - 4 scrolls of fear
Potions
 e - 4 potions of brilliance
 g - 11 potions of curing
 i - a potion of heal wounds
 q - 2 potions of flight
 x - a potion of attraction
Miscellaneous
 n - a phial of floods
 u - a condenser vane (quivered)


   Skills:
 + Level 12.5 Fighting
 + Level 12.2 Axes
 + Level 12.6 Armour
 + Level 12.5 Shields


You had 11 spell levels left.
You didn't know any spells.
Your spell library contained the following spells:

 Spells                   Type           Power      Damage    Failure   Level
 Cigotuvi's Dreadful Rot  Necr/Pois/Air  0%         N/A       80%         2
 Poisonous Vapours        Pois/Air       0%         N/A       80%         2
 Static Discharge         Conj/Air       0%         2-2/arc   80%         2
 Gell's Gravitas          Tloc           0%         N/A       95%         3
 Lesser Beckoning         Tloc           0%         N/A       95%         3
 Mephitic Cloud           Conj/Pois/Air  0%         N/A       95%         3
 Portal Projectile        Hex/Tloc       0%         N/A       95%         3
 Teleport Other           Tloc           0%         N/A       95%         3
 Tukima's Dance           Hex            0%         N/A       95%         3
 Vhi's Electric Charge    Tloc/Air       0%         N/A       95%         3
 Animate Dead             Necr           0%         N/A       100%        4
 Passage of Golubria      Tloc           0%         N/A       100%        4
 Arcjolt                  Conj/Air       0%         1d10      100%        5
 Blade Hands              Tmut           0%         N/A       100%        5
 Lightning Bolt           Conj/Air       0%         1d11      100%        5
 Yara's Violent Unravell  Hex/Tmut       0%         3d3       100%        5
 Haunt                    Necr/Summ      0%         N/A       100%        7
 Infestation              Necr           0%         N/A       100%        8


Dungeon Overview and Level Annotations

Branches:
Dungeon (13/15)            Temple (1/1) D:5            Lair (0/5) D:11
    Orc (0/2) D:11        Ossuary (visited)
 Vaults: D:13-14

Altars:
Ashenzari
Cheibriados
Dithmenos
Elyvilon
Fedhas
Gozag
Hepliaklqana
Kikubaaqudgha
Makhleb
Nemelex Xobeh
Okawaru
Qazlal
Ru
Sif Muna
Trog
Uskayaw
Vehumet
Wu Jian
Xom
Yredelemnul
Zin
The Shining One

Shops:
D:1 !   D:3 ?   D:8 *

Portals:
Trove: D:11 (give +5 demon whip)


Innate Abilities, Weirdness & Mutations

You have a pair of horns on your head.
You reflexively headbutt those who attack you in melee.
Your muscles are strong. (Str +4, Int/Dex -1)


Message History

The very large slime creature is heavily wounded.
Two slime creatures merge to form an enormous slime creature.
Two slime creatures merge to form a titanic slime creature.
You hit the titanic slime creature.
You headbutt the titanic slime creature.
The titanic slime creature is moderately wounded.
You slash the titanic slime creature!
You headbutt the titanic slime creature, but do no damage.
The titanic slime creature is moderately wounded.
The titanic slime creature hits you but does no damage.
You slash the titanic slime creature!
You headbutt the titanic slime creature!
The titanic slime creature is moderately wounded.
The titanic slime creature hits you!!!
You slash the titanic slime creature!
The titanic slime creature is heavily wounded.
The titanic slime creature hits you!!
You feel much better.
You block the titanic slime creature's attack.
You slice the titanic slime creature!!
The titanic slime creature is heavily wounded.
The titanic slime creature hits you!!
You feel much better. The titanic slime creature hits you!!!!
The Shining One protects you from harm!
You hear two shouts! x2
You slice the titanic slime creature!!
You headbutt the titanic slime creature.
The titanic slime creature is heavily wounded.
The titanic slime creature hits you!!!
You slice the titanic slime creature!!
The titanic slime creature is severely wounded.
You feel much better.
The titanic slime creature barely misses you.
You hit the titanic slime creature.
The titanic slime creature is severely wounded.
The titanic slime creature hits you!
You slice the titanic slime creature!!
The titanic slime creature is severely wounded.
The titanic slime creature hits you!!!
You die...

#.....^.# #.......#
####.#### ####..#
#.....# #.###.#
##+## ######.#.#.#
......##....'.#.#.#
......J@.####.#.#.#
......#### #.#.#.#
..... #.....# ....
####### ... .. #


You could see a titanic slime creature.

Vanquished Creatures
  A hydra (D:12)
  An ogre mage (D:10)
  A boulder beetle (D:11)
  6 two-headed ogres
  The ghost of M4edhros the Cudgeller, a novice OpCK of Zin (D:9)
  An ugly thing (D:11)
  An oklob plant (D:11)
  2 cyclopes (D:12)
  2 gargoyles
  Maggie (D:9)
  A kobold demonologist (D:12)
  A troll (D:12)
  2 hornets (D:8)
  4 slime creatures (D:12)
  2 shadows
  A wyvern (D:8)
  15 yaks
  2 steam dragons
  A wraith (D:12)
  2 neqoxecs (D:9)
  2 acid dragons
  A water moccasin (D:8)
  2 orc warriors (D:11)
  An ice beast (D:7)
  2 black bears
  4 ogres (D:10)
  2 centaurs
  A phantom (D:7)
  3 necrophages (D:6)
  5 bullfrogs
  4 gnoll sergeants
  3 scorpions
  10 wights
  4 howler monkeys
  3 centaur zombies (Ossuary)
  2 jellies
  2 quasits (D:9)
  4 orc priests
  5 hounds
  5 iguanas
  Jessica (D:3)
  9 orc wizards
  5 mummies (Ossuary)
  8 adders
  16 gnolls
  A white imp (D:7)
  2 ufetubi (D:6)
  A dart slug (D:1)
  32 orcs
  9 ball pythons
  5 endoplasms
  3 giant cockroaches
  5 goblins
  3 hobgoblins
  2 jackals (D:1)
  4 kobolds
  6 quokkas
  2 bats (D:2)
  3 frilled lizards
  2 hobgoblin zombies (Ossuary)
  2 kobold zombies (Ossuary)
  An orc zombie (Ossuary)
  5 rats
240 creatures vanquished.

Vanquished Creatures (others)
  3 plants (D:11)
3 creatures vanquished.

Grand Total: 243 creatures vanquished

Notes
Turn   | Place    | Note
-------+----------+-------------------------------------------
     0 | D:1      | Citaku the Minotaur Fighter began the quest for the Orb.
     0 | D:1      | Reached XP level 1. HP: 19/19 MP: 0/0
   263 | D:1      | Found a faded altar of an unknown god.
   393 | D:1      | Reached XP level 2. HP: 27/27 MP: 1/1
   924 | D:1      | Found Tevyen's Distillery.
  1063 | D:2      | Found a basalt altar of Yredelemnul.
  1071 | D:2      | Reached XP level 3. HP: 33/33 MP: 2/2
  1481 | D:2      | Reached XP level 4. HP: 40/40 MP: 3/3
  1751 | D:3      | Found a shimmering blue altar of Sif Muna.
  2089 | D:3      | Noticed Jessica
  2092 | D:3      | Killed Jessica
  2342 | D:3      | Found Zisosax's Magic Scroll Boutique.
  2621 | D:4      | Found a hazy altar of Hepliaklqana.
  2623 | D:4      | Found a bloodstained altar of Trog.
  2783 | D:4      | Reached XP level 5. HP: 40/47 MP: 4/4
  2879 | D:4      | Reached skill level 5 in Fighting
  2879 | D:4      | Reached skill level 5 in Armour
  3201 | D:4      | Reached skill level 5 in Shields
  3272 | D:5      | Entered Level 5 of the Dungeon
  3281 | D:5      | Reached XP level 6. HP: 39/56 MP: 5/5
  3961 | D:5      | Reached skill level 5 in Axes
  3961 | D:5      | Reached XP level 7. HP: 53/62 MP: 6/6
  4230 | D:5      | Found a staircase to the Ecumenical Temple.
  4234 | Temple   | Entered the Ecumenical Temple
  4447 | Temple   | Became a worshipper of the Shining One
  4634 | D:6      | HP: 2/63 [gnoll sergeant/+0 spear (3)]
  5277 | D:6      | Reached * piety under the Shining One
  5279 | D:6      | Reached XP level 8. HP: 61/71 MP: 7/7
  6277 | D:7      | Reached XP level 9. HP: 74/81 MP: 8/8
  6927 | D:7      | Found a hide-covered altar of Uskayaw.
  6927 | D:7      | Found a white marble altar of Elyvilon.
  6928 | D:7      | Found a shadowy altar of Dithmenos.
  6929 | D:7      | Found an ornate altar of the Wu Jian Council.
  6932 | D:7      | Found an iron altar of Okawaru.
  7053 | D:7      | Reached ** piety under the Shining One
  7203 | D:8      | Found Ugyl's Serpentskin Sales.
  7664 | D:8      | Found a sand-covered staircase.
  7672 | Ossuary  | Entered an ossuary
  7814 | Ossuary  | Reached *** piety under the Shining One
  8485 | D:8      | Paralysed by a hornet for 3 turns
  8624 | D:8      | Found a blossoming altar of Fedhas.
  8668 | D:9      | Found a transporter.
  8668 | D:9      | Noticed M4edhros's ghost (novice OpCK)
  8686 | D:9      | Found a transporter.
  8744 | D:9      | Reached XP level 10. HP: 27/91 MP: 9/9
  9281 | D:9      | Found a basalt altar of Yredelemnul.
  9419 | D:9      | Noticed Maggie
  9431 | D:9      | Killed Maggie
  9850 | D:9      | Gained mutation: You occasionally lose the ability to drink
                  | potions when taking damage. [a neqoxec]
  9852 | D:9      | Gained mutation: Your magical capacity is low. (-10% MP) [a
                  | neqoxec]
  9858 | D:9      | Reached skill level 10 in Armour
  9867 | D:9      | Killed M4edhros's ghost
  9868 | D:9      | Reached skill level 10 in Fighting
  9868 | D:9      | Reached skill level 10 in Shields
  9936 | D:10     | Entered Level 10 of the Dungeon
 10189 | D:10     | Identified the +5 ring mail of Skepticism {+Inv rPois
                  | Dex-2}
 10332 | D:10     | Noticed a two-headed ogre
 10333 | D:10     | Reached **** piety under the Shining One
 10333 | D:10     | Noticed a two-headed ogre
 10333 | D:10     | Noticed a two-headed ogre
 10333 | D:10     | Noticed an ogre mage
 10350 | D:10     | Killed a two-headed ogre
 10351 | D:10     | Reached skill level 10 in Axes
 10673 | D:10     | Noticed a gargoyle
 10684 | D:10     | Killed a gargoyle
 10778 | D:10     | Noticed a two-headed ogre
 10787 | D:10     | Killed a two-headed ogre
 10807 | D:10     | Killed an ogre mage
 10808 | D:10     | Reached XP level 11. HP: 45/101 MP: 8/8
 11153 | D:10     | Killed a two-headed ogre
 11227 | D:10     | Killed a two-headed ogre
 11753 | D:11     | Found a staircase to the Orcish Mines.
 11841 | D:11     | Found a staircase to the Lair.
 11841 | D:11     | Noticed an oklob plant
 12124 | D:11     | Lost mutation: Your magical capacity is low. (-10% MP)
                  | [potion of mutation]
 12124 | D:11     | Lost mutation: You occasionally lose the ability to drink
                  | potions when taking damage. [potion of mutation]
 12124 | D:11     | Gained mutation: Your muscles are strong. (Str +4, Int/Dex
                  | -1) [potion of mutation]
 12148 | D:11     | Found a portal to a secret trove of treasure.
 12189 | D:11     | Noticed a brown ugly thing
 12190 | D:11     | Noticed a boulder beetle
 12198 | D:11     | Killed a brown ugly thing
 12216 | D:11     | Killed a boulder beetle
 12438 | D:11     | Noticed a two-headed ogre
 12443 | D:11     | Killed a two-headed ogre
 12758 | D:11     | Killed an oklob plant
 12878 | D:12     | Noticed a seven-headed hydra
 13176 | D:12     | Killed a seven-headed hydra
 13379 | D:12     | Reached XP level 12. HP: 32/113 MP: 11/11
 13822 | D:12     | Noticed a two-headed ogre
 13829 | D:12     | Killed a two-headed ogre
 14230 | D:13     | The Shining One protects you from harm!
 14235 | D:13     | Demolished by a titanic slime creature

Illustrated notes

Levels and vault maps discovered:
D:1:      minmay_arrival_split_and_join, layout_loops_corners, serial_shops,
          nicolae_lakefront_shop, dreamdust_ecumenical_altar_angels_and_demons
D:2:      layout_basic, basic_altar, minmay_strange_pillars
D:3:      layout_basic, led_sif_book, serial_shops, shop, uniq_jessica
D:4:      layout_loops_cross, mainiacjoe_overflow_catwalk_spiral
D:5:      layout_loops_cross, temple_hall_moat, nrook_pool_corridor,
          kennysheep_generic_room_11
D:6:      layout_loops_ring, hangedman_decor_points
D:7:      layout_loops_corners, minitemple, kennysheep_cross_bottleneck,
          grunt_decor_arrowhead, minmay_fractal_squares_diagonal_5
D:8:      layout_basic, kennysheep_mini_moat,
          lightli_ossuary_entry_decrepit_ruins, guppyfry_shop_venom
D:9:      layout_loops_ring, nicolae_overflow_crystal_walls,
          gammafunk_ghost_stat_death, nicolae_figureground_pulse, uniq_maggie
D:10:     layout_roguey, minmay_starry_boxes
D:11:     layout_basic, dpeg_oklobed_lair, david_orc_2,
          nicolae_trove_entry_diagonal
D:12:     layout_roguey
D:13:     layout_roguey, david_vaults_2
Temple:   hellmonk_temple_forest_ring

Skill      XL: |  1  2  3  4  5  6  7  8  9 10 11 |
---------------+----------------------------------+-----
Fighting       | 4 5 6 8 9 10 12 | 12.5
Armour         | 4 5 6 8 9 10 12 | 12.6
Shields        | 4 5 6 7 9 10 12 | 12.5
Axes           | 3 4 5 6 7 9 10 12 | 12.2

Action                   |  1- 3 |  4- 6 |  7- 9 | 10-12 || total
-------------------------+-------+-------+-------+-------++-------
Melee: War axe           |    75 |    81 |   222 |   283 ||   661
       Headbutt          |     6 |     9 |    58 |    85 ||   158
       Flail             |       |       |       |     6 ||     6
Evoke: Wand              |       |       |       |     1 ||     1
  Use: Scroll            |       |       |    11 |    19 ||    30
       Potion            |       |       |     9 |    10 ||    19
Armor: Scale mail        |    61 |    58 |   148 |     6 ||   273
       Acid dragon scale |       |       |       |    21 ||    21
       Ring mail         |       |       |       |   107 ||   107
Dodge: Dodged            |    51 |    49 |   125 |    94 ||   319
Block: Buckler           |    23 |    11 |    76 |    67 ||   177

Table legend: (Time is in decaauts)
 A = Elapsed time spent in this place.
 B = Non-inter-level travel time spent in this place.
 C = Inter-level travel time spent in this place.
 D = Time resting spent in this place.
 E = Time spent auto-exploring this place.
 F = Levels seen in this place.
 G = Mean time per level.
                   A        B        C        D        E       F      G
               +--------+--------+--------+--------+--------+-----+--------+
         Total |  14249 |  14249 |      0 |   2855 |   6937 |  15 |  949.9 |
       Dungeon |  13743 |  13743 |      0 |   2853 |   6691 |  13 | 1057.2 |
        Temple |    237 |    237 |      0 |      0 |    138 |   1 |  237.0 |
       Ossuary |    268 |    268 |      0 |      2 |    108 |   1 |  268.0 |
               +--------+--------+--------+--------+--------+-----+--------+

Top non-repeatable levels by time:
    D:11: 1548 daAuts
    D:10: 1492 daAuts
     D:7: 1383 daAuts
     D:5: 1333 daAuts
     D:9: 1276 daAuts
     D:8: 1213 daAuts
    D:12: 1087 daAuts
     D:1: 1020 daAuts
     D:3: 1014 daAuts
     D:6: 970 daAuts
     D:4: 695 daAuts
     D:2: 587 daAuts
 Ossuary: 268 daAuts
  Temple: 237 daAuts
    D:13: 120 daAuts
